 Dungeon Crawl Stone Soup version 0.28.0-45-g0d030f2227 (webtiles) character file.

Game seed: 10976207916979800013

255 Ablot the Cutter (level 6, -1/53 HPs)
             Began as a Gnoll Chaos Knight on Apr 17, 2022.
             Was a Plaything of Xom.
             Slain by an orc
             ... wielding a +0 flail
              (12 damage)
             ... on level 4 of the Dungeon.
             The game lasted 00:04:31 (2532 turns).

Ablot the Cutter (Gnoll Chaos Knight)               Turns: 2532, Time: 00:04:31

Health: -1/53      AC: 10    Str: 13    XL:     6   Next: 15%
Magic:  8/8        EV: 12    Int: 11    God:    Xom [..*...]
Gold:   239        SH:  0    Dex: 12    Spells: 8/8 levels left

rFire   . . .      SeeInvis .   a - +0 short sword (chaos)
rCold   . . .      Faith    .   (no shield)
rNeg    . . .      Spirit   .   b - +2 leather armour
rPois   .          Reflect  .   (no helmet)
rElec   .          Harm     .   m - +0 cloak
rCorr   +          Rampage  .   (no gloves)
Will    .....                   (no boots)
Stlth   ++........              (no amulet)
HPRegen 0.17/turn               d - +4 ring of protection
MPRegen 0.11/turn               k - ring of resist corrosion

@: no status effects
A: fangs 1, strong nose, distributed training
a: Renounce Religion


You were on level 4 of the Dungeon.
You worshipped Xom.
You were a toy of Xom.
You visited 1 branch of the dungeon, and saw 4 of its levels.

You collected 239 gold pieces.

Inventory:

Hand Weapons
 a - a +0 short sword of chaos (weapon)
Missiles
 c - 57 stones
 e - 11 boomerangs
 l - 8 poisoned darts (quivered)
 x - 31 bolts
 z - 21 sling bullets
Armour
 b - a +2 leather armour (worn)
 m - a +0 cloak (worn)
Magical Staves
 u - a staff of earth
Jewellery
 d - a +4 ring of protection (left hand)
 k - a ring of resist corrosion (right hand)
 t - a ring of ice
Scrolls
 f - 2 scrolls of enchant armour {unknown}
 h - 3 scrolls of identify {unknown}
 j - a scroll of teleportation {unknown}
 o - a scroll of enchant weapon {unknown}
 q - a scroll of fog {unknown}
 r - a scroll of holy word {unknown}
 v - 2 scrolls of vulnerability {unknown}
 w - a scroll of magic mapping {unknown}
 y - a scroll of immolation {unknown}
Potions
 g - a potion of attraction {unknown}
 i - 2 potions of mutation {unknown}
 n - 3 potions of curing {unknown}
 p - 3 potions of degeneration {unknown}
 s - 4 potions of lignification {unknown}


   Skills:
 + Level 6.8 Fighting
 + Level 6.8 Short Blades
 + Level 1.8 Long Blades
 + Level 1.8 Axes
 + Level 1.8 Maces & Flails
 + Level 1.8 Polearms
 + Level 1.8 Staves
 + Level 1.8 Slings
 + Level 1.8 Bows
 + Level 1.8 Crossbows
 + Level 1.8 Throwing
 + Level 4.9 Armour
 + Level 3.1 Dodging
 + Level 1.8 Stealth
 + Level 1.8 Shields
 + Level 1.8 Unarmed Combat
 + Level 1.8 Spellcasting
 + Level 1.4 Conjurations
 + Level 1.4 Hexes
 + Level 1.4 Summonings
 + Level 1.4 Necromancy
 + Level 1.4 Translocations
 + Level 1.4 Transmutations
 + Level 1.4 Fire Magic
 + Level 1.4 Ice Magic
 + Level 1.4 Air Magic
 + Level 1.4 Earth Magic
 + Level 1.4 Poison Magic
 + Level 2.0 Invocations
 + Level 1.8 Evocations


You had 8 spell levels left.
You didn't know any spells.
Your spell library contained the following spells:

 Spells                   Type           Power      Damage    Failure   Level
 Sublimation of Blood     Necr           4%         N/A       30%         2
 Petrify                  Tmut/Erth      4%         N/A       90%         4
 Irradiate                Conj/Tmut      2%         3d14      99%         5
 Malign Gateway           Summ/Tloc      2%         N/A       100%        7
 Summon Horrible Things   Summ           2%         N/A       100%        8


Dungeon Overview and Level Annotations

Branches:
Dungeon (4/15)
 Temple: D:4-7

Altars:

Shops:
D:2 [:[=


Innate Abilities, Weirdness & Mutations

You have very sharp teeth.
Your uncanny sense of smell can sniff out nearby items.
Your experience applies equally to all skills.


Message History

You hit the orc warrior but do no damage.
The orc warrior is almost dead.
The orc warrior hits you but does no damage.
You hit the orc warrior but do no damage.
The orc warrior is almost dead.
The orc warrior barely misses you.
You hit the orc warrior but do no damage.
The orc warrior seems to grow stronger.
The orc warrior is almost dead.
The orc looks more healthy.
You barely miss the orc warrior.
The orc warrior is almost dead. "Boo!"
You hear a shout! x6
The orc warrior hits you with a +0 war axe.
* * * LOW HITPOINT WARNING * * *
Unknown command.
You hit the orc warrior but do no damage.
The orc warrior is almost dead.
The orc warrior barely misses you.
You hit the orc warrior but do no damage.
The orc warrior looks even sicker.
You bite the orc warrior.
You kill the orc warrior!
Your Invocations skill increases to level 2!
You have reached level 6!
Unknown command.
You closely miss the orc.
The orc is lightly wounded.
A hobgoblin comes into view.
The orc barely misses you.
You hit the orc.
The orc is almost dead.
You barely miss the orc. You bite the orc, but do no damage.
The orc is almost dead.
The orc barely misses you.
You hit the orc but do no damage.
The orc seems to grow stronger.
The orc is almost dead.
The orc hits you with a +0 flail!
You die...
Xom yawns loudly!

#### #+# #...
#.###########...
#.#.........'...
#.#......####...
#.#......# #...
##########.#......#
####
........o.#.....)#
#.###..#.@##.......#
#...g...(.)......).#
#..####.#######....#
#.....# #....#
##[....# #....#
##.#.8# #....#
#(.8#$. #....#
#.o(#.###....# ... #
# ..####


You could see an orc (strong) and a hobgoblin.

Vanquished Creatures
  An orc warrior (D:4)
  A hound (D:2)
  4 gnolls (D:4)
  2 adders (D:3)
  A worm (D:2)
  2 dart slugs (D:3)
  4 orcs (D:4)
  6 bats
  4 endoplasms
  9 giant cockroaches
  5 goblins
  8 hobgoblins
  3 quokkas
  3 ball pythons
  3 frilled lizards
  2 kobolds
  3 rats (D:1)
61 creatures vanquished.

Vanquished Creatures (collateral kills)
  A ball python (D:2)
1 creature vanquished.

Grand Total: 62 creatures vanquished

Notes
Turn   | Place    | Note
-------+----------+-------------------------------------------
     0 | D:1      | Ablot the Gnoll Chaos Knight began the quest for the Orb.
     0 | D:1      | Reached XP level 1. HP: 23/23 MP: 1/1
    13 | D:1      | XOM: silly message
    62 | D:1      | XOM: divination: detect creatures
    77 | D:1      | Reached XP level 2. HP: 26/29 MP: 2/2
    99 | D:1      | XOM: silly message
   126 | D:1      | XOM: silly message
   428 | D:1      | Found a faded altar of an unknown god.
   511 | D:1      | XOM: confuse monster(s)
   737 | D:1      | Reached XP level 3. HP: 35/35 MP: 3/3
   797 | D:1      | XOM: silly message
   960 | D:2      | Reached skill level 1 in Long Blades
   960 | D:2      | Reached skill level 1 in Axes
   960 | D:2      | Reached skill level 1 in Maces & Flails
   960 | D:2      | Reached skill level 1 in Polearms
   960 | D:2      | Reached skill level 1 in Staves
   960 | D:2      | Reached skill level 1 in Slings
   960 | D:2      | Reached skill level 1 in Bows
   960 | D:2      | Reached skill level 1 in Crossbows
   960 | D:2      | Reached skill level 1 in Throwing
   960 | D:2      | Reached skill level 1 in Stealth
   960 | D:2      | Reached skill level 1 in Shields
   960 | D:2      | Reached skill level 1 in Unarmed Combat
   960 | D:2      | Reached skill level 1 in Spellcasting
   960 | D:2      | Reached skill level 1 in Invocations
   960 | D:2      | Reached skill level 1 in Evocations
   960 | D:2      | Reached XP level 4. HP: 41/41 MP: 3/5
  1099 | D:2      | Found Qokkeac's Antique Armour Shoppe.
  1115 | D:2      | Found Dykhlut's Antique Armour Shoppe.
  1250 | D:2      | Found Tulifu's Book Shoppe.
  1495 | D:2      | XOM: divination: detect items
  1561 | D:2      | Found Sorhip's Jewellery Emporium.
  1660 | D:2      | XOM: silly message
  1712 | D:2      | XOM: silly message
  1834 | D:3      | XOM: silly message
  1848 | D:3      | Reached skill level 1 in Conjurations
  1848 | D:3      | Reached skill level 1 in Hexes
  1848 | D:3      | Reached skill level 1 in Summonings
  1848 | D:3      | Reached skill level 1 in Necromancy
  1848 | D:3      | Reached skill level 1 in Translocations
  1848 | D:3      | Reached skill level 1 in Transmutations
  1848 | D:3      | Reached skill level 1 in Fire Magic
  1848 | D:3      | Reached skill level 1 in Ice Magic
  1848 | D:3      | Reached skill level 1 in Air Magic
  1848 | D:3      | Reached skill level 1 in Earth Magic
  1848 | D:3      | Reached skill level 1 in Poison Magic
  1882 | D:3      | XOM: silly message
  2214 | D:3      | XOM: silly message
  2251 | D:4      | XOM: 1-stop teleportation journey
  2278 | D:4      | Reached XP level 5. HP: 45/47 MP: 6/6
  2287 | D:4      | XOM: potion effect (brilliance)
  2290 | D:4      | XOM: potion effect (berserk rage)
  2499 | D:4      | Noticed an orc warrior
  2524 | D:4      | XOM: noise
  2528 | D:4      | Killed an orc warrior
  2529 | D:4      | Reached XP level 6. HP: 10/53 MP: 8/8
  2532 | D:4      | Slain by an orc

Illustrated notes

Levels and vault maps discovered:
D:1:      erik_arrival_blinker_ship, layout_loops_cross,
          chequers_ecumenical_altar_island,
          hangedman_abyss_or_decor_lesser_grid, minivault_5,
          minmay_worlds_worst_comb
D:2:      layout_basic, serial_shops, shop, shop, shop, shop
D:3:      layout_rooms, hex_intersection
D:4:      layout_basic, minitemple, guppyfry_early_orc_mine

Skill      XL: |  1  2  3  4  5 |
---------------+----------------+-----
Long Blades    | 1 |  1.8
Axes           | 1 |  1.8
Maces & Flails | 1 |  1.8
Polearms       | 1 |  1.8
Staves         | 1 |  1.8
Slings         | 1 |  1.8
Bows           | 1 |  1.8
Crossbows      | 1 |  1.8
Throwing       | 1 |  1.8
Stealth        | 1 |  1.8
Shields        | 1 |  1.8
Unarmed Combat | 1 |  1.8
Spellcasting   | 1 |  1.8
Invocations    | 1 2 |  2.0
Evocations     | 1 |  1.8
Conjurations   | 1 |  1.4
Hexes          | 1 |  1.4
Summonings     | 1 |  1.4
Necromancy     | 1 |  1.4
Translocations | 1 |  1.4
Transmutations | 1 |  1.4
Fire Magic     | 1 |  1.4
Ice Magic      | 1 |  1.4
Air Magic      | 1 |  1.4
Earth Magic    | 1 |  1.4
Poison Magic   | 1 |  1.4
Dodging        | 3 |  3.1
Fighting       | |  6.8
Short Blades   | |  6.8
Armour         | |  4.9

Action                   |  1- 3 |  4- 6 || total
-------------------------+-------+-------++-------
Melee: Short sword       |    59 |   123 ||   182
       Bite              |     7 |    18 ||    25
       Punch             |       |     1 ||     1
Throw: Boomerang         |       |     4 ||     4
       Dart              |       |     1 ||     1
 Stab: Sleeping          |     2 |     6 ||     8
Armor: Leather armour    |    19 |    27 ||    46
Dodge: Dodged            |    27 |    63 ||    90
